 Dungeon Crawl Stone Soup version 0.23-a0-151-gf6d1ed2 (webtiles) character file.

25 mopl the Poker (level 3, -1/29 HPs)
             Began as a Merfolk Abyssal Knight on Sept 7, 2018.
             Was a Follower of Lugonu.
             Slain by a hobgoblin
             ... wielding a +0 hand axe
              (2 damage)
             ... on level 1 of the Dungeon.
             The game lasted 00:01:11 (302 turns).

mopl the Poker (Merfolk Abyssal Knight)              Turns: 302, Time: 00:01:12

Health: -1/29      AC:  3    Str: 13    XL:     3   Next: 4%
Magic:  4/4        EV: 12    Int: 11    God:    Lugonu [*.....]
Gold:   63         SH:  0    Dex: 13    Spells: 2/2 levels left

rFire    . . .     SeeInvis .   a - +1 spear
rCold    . . .     Gourm    .   (no shield)
rNeg     . . .     Faith    .   b - +0 leather armour
rPois    .         Spirit   .   (no helmet)
rElec    .         Reflect  .   (no cloak)
rCorr    .         Harm     .   (no gloves)
MR       .....                  (no boots)
Stlth    +.........             (no amulet)
HPRegen  0.09/turn              (no ring)
MPRegen  0.09/turn              (no ring)

@: no status effects
A: change form in water, swift swim, stealthy swim
a: Depart the Abyss, Renounce Religion


You were on level 1 of the Dungeon.
You worshipped Lugonu.
Lugonu was aware of your devotion.
You were not hungry.

You visited 1 branch of the dungeon, and saw 1 of its levels.
You visited the Abyss 1 time.

You collected 63 gold pieces.

Inventory:

Hand Weapons
 a - a +1 spear (weapon)
Armour
 b - a +0 leather armour (worn)
Scrolls
 d - a scroll of random uselessness {unknown}
 e - 2 scrolls of identify {unknown}
 f - a scroll of teleportation {unknown}
 h - a scroll of remove curse {unknown}
Potions
 g - a potion of haste {unknown}
Comestibles
 c - a ration
 i - 2 chunks of flesh


   Skills:
 - Level 3.2 Fighting
 * Level 4.4 Polearms
 - Level 0.6 Armour
 - Level 2.6 Dodging
 + Level 2.6 Invocations


You had 2 spell levels left.
You didn't know any spells.
Your spell library was empty.

Dungeon Overview and Level Annotations

Branches:
Dungeon (1/15)

Altars:


Message History

* * * LOW HITPOINT WARNING * * *
You closely miss the hobgoblin.
The hobgoblin is moderately wounded.
The hobgoblin closely misses you.
You barely miss the hobgoblin.
The hobgoblin is moderately wounded.
You barely miss the hobgoblin.
The hobgoblin is moderately wounded.
The hobgoblin hits you with a hand axe.
* * * LOW HITPOINT WARNING * * *
You closely miss the hobgoblin.
The hobgoblin is moderately wounded.
The hobgoblin barely misses you.
You hit the hobgoblin.
The hobgoblin is almost dead.
The hobgoblin closely misses you.
You barely miss the hobgoblin.
The hobgoblin is almost dead.
The hobgoblin hits you with a hand axe.
You die...

#...............#..#...
#...............#.....#
#......................
##.....####..#.#.....###
#(.....# #....#...#....
###(.....# #........#....
##h..##..## #..(.........#
#..#####.#####...........##
#K## #..@gg†...........#
#.># #....##†#..#####....#
#.## #.##..#.#..#)#.#.#..#
#. #.. #.......†!..#....#
.. [.. #.......#$#.#....#
... .... ........### ...
... ......... .b..
.........#. .............


You could see 2 hobgoblins.

Vanquished Creatures
  2 dart slugs (D:1)
  A leopard gecko (D:1)
  2 giant cockroaches (D:1)
  2 goblins (D:1)
  A hobgoblin (D:1)
  2 jackals (D:1)
  3 kobolds (D:1)
  A bat (D:1)
  2 frilled lizards (D:1)
  3 rats (D:1)
19 creatures vanquished.

Notes
Turn   | Place    | Note
-------+----------+-------------------------------------------
     0 | Abyss:1  | mopl the Merfolk Abyssal Knight began the quest for the
                  | Orb.
     0 | Abyss:1  | Reached XP level 1. HP: 18/18 MP: 2/2
    51 | Abyss:1  | Noticed a rust devil
    61 | Abyss:1  | Noticed a spatial vortex
    64 | Abyss:1  | Noticed a spatial vortex
    65 | Abyss:1  | Noticed a spatial maelstrom
    65 | Abyss:1  | Noticed a spatial vortex
    67 | D:1      | Escaped the Abyss
   155 | D:1      | Reached XP level 2. HP: 9/24 MP: 3/3
   175 | D:1      | Reached * piety under Lugonu
   175 | D:1      | Reached skill level 4 in Polearms
   276 | D:1      | Reached XP level 3. HP: 8/29 MP: 4/4
   299 | D:1      | HP: 1/29 [hobgoblin/hand axe (4)]
   302 | D:1      | Slain by a hobgoblin

Vault maps used:
D:1:      lightli_arrival_statuegarden, minmay_split_cup_small
Abyss:1:  hangedman_decor_lopped

Skill      XL: |  1  2 |
---------------+-------+-----
Polearms       | 4 |  4.4
Fighting       | |  3.2
Armour         | |  0.6
Dodging        | |  2.6
Invocations    | |  2.6

Action                   || total
-------------------------++-------
Melee: Spear             ||    58
Invok: Depart the Abyss  ||     1
 Stab: Sleeping          ||     1
Armor: Leather armour    ||    15
Dodge: Dodged            ||    30

Table legend:
 A = Non-vault XP
 B = Vault XP
 C = Vault XP percentage of total XP
 D = Non-vault monster count
 E = Vault monster count
 F = Vault count percentage of total count
                 A         B        C        D         E       F
            +---------+---------+-------+---------+---------+-------
      Total |      34 |       2 |   5.6 |      18 |       1 |   5.3
            +---------+---------+-------+---------+---------+-------
        D:1 |      34 |       2 |   5.6 |      18 |       1 |   5.3
            +---------+---------+-------+---------+---------+-------
